 Dungeon Crawl Stone Soup version 0.25-a0-41-g6cf4ce537d (webtiles) character file.

Game seed: 10106211521975856824, levelgen mode: deterministic

39 MordorOrchid the Firebug (level 3, 0/25 HPs)
             Began as a Gnoll Fire Elementalist on Oct 21, 2019.
             Succumbed to an adder's poison
             ... on level 2 of the Dungeon.
             The game lasted 00:04:45 (786 turns).

MordorOrchid the Firebug (Gnoll Fire Elementalist)   Turns: 786, Time: 00:04:46

Health: 0/25       AC:  3    Str: 10    XL:     3   Next: 45%
Magic:  4/9        EV: 14    Int: 18    God:
Gold:   53         SH:  0    Dex: 15    Spells: 3/12 levels left

rFire    . . .     SeeInvis .   j - +0 hunting sling
rCold    . . .     Gourm    .   (no shield)
rNeg     . . .     Faith    .   m - +0 leather armour
rPois    .         Spirit   .   (no helmet)
rElec    .         Reflect  .   (no cloak)
rCorr    .         Harm     .   (no gloves)
MR       .....                  (no boots)
Stlth    ++........             (no amulet)
HPRegen  0.08/turn              (no ring)
MPRegen  0.11/turn              (no ring)

@: lethally poisoned (0 -> -2)
A: distributed training, fangs 1, strong nose
a: no special abilities


You were on level 2 of the Dungeon.
You were not hungry.

You visited 1 branch of the dungeon, and saw 2 of its levels.

You collected 53 gold pieces.

Inventory:

Hand Weapons
 a - a +0 whip of venom
 j - a +0 hunting sling (weapon)
 p - a +1 vampiric short sword
 y - a +2 short sword of flaming
Missiles
 b - 6 boomerangs
 d - 171 stones (quivered)
 i - 13 poisoned darts
Armour
 h - a +0 robe
 m - a +0 leather armour (worn)
 o - a +0 ring mail
Scrolls
 e - 3 scrolls of remove curse
 g - 2 scrolls of immolation {unknown}
 n - a scroll of teleportation {unknown}
Potions
 f - 3 potions of heal wounds
 k - a potion of brilliance
Comestibles
 c - 3 rations
 l - a chunk of flesh


   Skills:
 + Level 0.7 Fighting
 + Level 0.7 Short Blades
 + Level 0.7 Long Blades
 + Level 0.7 Axes
 + Level 0.7 Maces & Flails
 + Level 0.7 Polearms
 + Level 0.7 Staves
 + Level 0.7 Slings
 + Level 0.7 Bows
 + Level 0.7 Crossbows
 + Level 0.7 Throwing
 + Level 0.7 Armour
 + Level 4.5 Dodging
 + Level 4.1 Stealth
 + Level 0.7 Shields
 + Level 0.7 Unarmed Combat
 + Level 5.0 Spellcasting
 + Level 2.1 Conjurations
 + Level 0.5 Hexes
 + Level 0.5 Charms
 + Level 0.5 Summonings
 + Level 0.5 Necromancy
 + Level 0.5 Translocations
 + Level 0.5 Transmutations
 + Level 5.4 Fire Magic
 + Level 0.5 Ice Magic
 + Level 0.5 Air Magic
 + Level 0.5 Earth Magic
 + Level 0.5 Poison Magic
 + Level 0.9 Invocations
 + Level 0.7 Evocations


You had 3 spell levels left.
You knew the following spells:

 Your Spells              Type           Power        Failure   Level  Hunger
a - Flame Tongue          Conj/Fire      ###..        3%          1    None
b - Throw Flame           Conj/Fire      ###...       6%          2    #......
c - Conjure Flame         Conj/Fire      ###.....     12%         3    ##.....
d - Inner Flame           Hex/Fire       ###.....     16%         3    ##.....

Your spell library contained the following spells:

 Spells                   Type           Power        Failure   Level  Hunger
 Sticky Flame             Conj/Fire      ###.....     36%         4    ####...
 Fireball                 Conj/Fire      ###.......   71%         5    ######.


Dungeon Overview and Level Annotations

Branches:
Dungeon (2/15)

Altars:


Innate Abilities, Weirdness & Mutations

Your experience applies equally to all skills.
You have very sharp teeth.
Your uncanny sense of smell can sniff out nearby items.


Message History

You swing at nothing.
An adder comes into view.
You swing at nothing.
You swing at nothing.
You swing at nothing.
You swing at nothing.
The adder barely misses you. The adder bites you.
Some of the chunks of flesh in your inventory have rotted away.
You swing at nothing.
The adder bites you.
You are poisoned.
The adder poisons you! The adder closely misses you.
You swing at nothing.
You feel sick. The adder barely misses you. x2
You swing at nothing.
The adder barely misses you. The adder closely misses you.
You swing at nothing.
You feel sick. The adder barely misses you. The adder bites you.
* * * LOW HITPOINT WARNING * * *
You swing at nothing.
The adder closely misses you. The adder bites you.
* * * LOW HITPOINT WARNING * * *
You swing at nothing.
You die...

.#≈≈#...#)#<.# ..
.#≈≈#.⌠.#.(.# .#
.#≈≈#...#.†.#####.# #
#≈≈≈≈###..#.(.....###..
≈≈≈≈≈≈.)...(#...).....∆
≈≈≈≈≈≈.............##.#
#≈≈≈≈###..(##(........#
.#≈≈#...#.##..(S..##..#
.#≈≈#.⌠.#÷#.....@.....#
.#≈≈#...#...#..[...##...
#≈..≈###...........#
..........#.......#
###.###...........##
#......########.#
#####..## .# ##.....##
.# ...>..####


You could see an adder.

Vanquished Creatures
  2 adders (D:2)
  5 bats
  2 giant cockroaches (D:1)
  4 goblins
  A quokka (D:2)
  A frilled lizard (D:2)
  5 kobolds (D:2)
  3 rats
23 creatures vanquished.

Notes
Turn   | Place    | Note
-------+----------+-------------------------------------------
     0 | D:1      | MordorOrchid the Gnoll Fire Elementalist began the quest
                  | for the Orb.
     0 | D:1      | Reached XP level 1. HP: 13/13 MP: 6/6
   284 | D:1      | Reached XP level 2. HP: 19/19 MP: 4/7
   288 | D:1      | Learned a level 2 spell: Throw Flame
   583 | D:2      | Reached XP level 3. HP: 18/25 MP: 0/9
   586 | D:2      | Reached skill level 5 in Spellcasting
   732 | D:2      | Learned a level 3 spell: Conjure Flame
   736 | D:2      | Learned a level 3 spell: Inner Flame
   785 | D:2      | HP: 1/25 [adder (3)]
   786 | D:2      | Succumbed to an adder's poison

Levels and vault maps discovered:
D:1:      minmay_arrival_cross, layout_loops_ring
D:2:      layout_rooms, fountainhead

Skill      XL: |  1  2  3 |
---------------+----------+-----
Conjurations   | 2 |  2.1
Spellcasting   | 5 |  5.0
Fighting       | |  0.7
Short Blades   | |  0.7
Long Blades    | |  0.7
Axes           | |  0.7
Maces & Flails | |  0.7
Polearms       | |  0.7
Staves         | |  0.7
Slings         | |  0.7
Bows           | |  0.7
Crossbows      | |  0.7
Throwing       | |  0.7
Armour         | |  0.7
Dodging        | |  4.5
Stealth        | |  4.1
Shields        | |  0.7
Unarmed Combat | |  0.7
Hexes          | |  0.5
Charms         | |  0.5
Summonings     | |  0.5
Necromancy     | |  0.5
Translocations | |  0.5
Transmutations | |  0.5
Fire Magic     | |  5.4
Ice Magic      | |  0.5
Air Magic      | |  0.5
Earth Magic    | |  0.5
Poison Magic   | |  0.5
Invocations    | |  0.9
Evocations     | |  0.7

Action                   || total
-------------------------++-------
Melee: Whip              ||     6
Throw: Dart              ||     4
 Cast: Flame Tongue      ||    27
       Throw Flame       ||     6
  Use: Scroll            ||     3
       Potion            ||     1
Armor: Robe              ||     1
       Leather armour    ||     4
Dodge: Dodged            ||    24

Table legend:
 A = Non-vault XP
 B = Vault XP
 C = Vault XP percentage of total XP
 D = Non-vault monster count
 E = Vault monster count
 F = Vault count percentage of total count
                 A         B        C        D         E       F
            +---------+---------+-------+---------+---------+-------
      Total |      56 |       0 |   0.0 |      23 |       0 |   0.0
            +---------+---------+-------+---------+---------+-------
        D:1 |      16 |       0 |   0.0 |       9 |       0 |   0.0
        D:2 |      40 |       0 |   0.0 |      14 |       0 |   0.0
            +---------+---------+-------+---------+---------+-------
